 Dungeon Crawl Stone Soup version 0.28.0-1-gb440e238dd (webtiles) character file.

Game seed: 15355075463492082912

342 Morbidden the Conjurer (level 6, -8/44 HPs)
             Began as a Demonspawn Conjurer on Feb 21, 2022.
             Mangled by a gnoll (15 damage)
             ... on level 5 of the Dungeon.
             The game lasted 00:05:17 (5028 turns).

Morbidden the Conjurer (Demonspawn Conjurer)        Turns: 5028, Time: 00:05:18

Health: -8/44      AC:  3    Str:  8    XL:     6   Next: 30%
Magic:  0/11       EV: 12    Int: 28    God:
Gold:   230        SH:  0    Dex: 17    Spells: 9/12 levels left

rFire   . . .      SeeInvis .   k - +6 mace "Plog" {venom, Int+7}
rCold   . . .      Faith    .   (no shield)
rNeg    . . .      Spirit   +   a - +0 robe
rPois   .          Reflect  .   e - +0 helmet
rElec   .          Harm     .   (no cloak)
rCorr   .          Rampage  .   (no gloves)
Will    .....                   (no boots)
Stlth   ++........              r - amulet of guardian spirit
HPRegen 0.14/turn               l - +6 ring of dexterity
MPRegen 0.12/turn               (no ring)

@: brilliant, flying
A: ignite blood 1, spiny 1, demonic touch 1
a: no special abilities


You were on level 5 of the Dungeon.
You visited 1 branch of the dungeon, and saw 5 of its levels.

You collected 230 gold pieces.

Inventory:

Hand Weapons
 k - the +6 mace "Plog" (weapon) {venom, Int+7}
   (You found it on level 5 of the Dungeon)

   It poisons the flesh of those it strikes.
   Int:       It affects your intelligence (+7).
Missiles
 g - 7 poisoned darts
 x - 4 boomerangs (quivered)
Armour
 a - a +0 robe (worn)
 e - a +0 helmet (worn)
Jewellery
 l - a +6 ring of dexterity (left hand)
 r - an amulet of guardian spirit (around neck)
Wands
 q - a wand of iceblast (10)
Scrolls
 c - 3 scrolls of teleportation {unknown}
 i - 3 scrolls of magic mapping {unknown}
 j - a scroll of enchant weapon {unknown}
 m - a scroll of immolation {unknown}
 t - a scroll of identify {unknown}
 u - a scroll of noise {unknown}
Potions
 b - a potion of brilliance
 d - a potion of curing
 f - a potion of flight
 h - a potion of ambrosia {unknown}
 n - a potion of attraction {unknown}
 o - 3 potions of cancellation {unknown}
 p - a potion of heal wounds {unknown}
 s - a potion of lignification {unknown}
 v - a potion of berserk rage {unknown}
 w - a potion of might {unknown}


   Skills:
 * Level 1.8 Fighting
 + Level 1.0 Long Blades
 + Level 0.4 Throwing
 + Level 2.1 Dodging
 + Level 2.3 Stealth
 * Level 3.9 Spellcasting
 * Level 5.5 Conjurations


You had 9 spell levels left.
You knew the following spells:

 Your Spells              Type           Power      Damage    Failure   Level
a - Magic Dart            Conj           100%       1d8       1%          1
b - Searing Ray           Conj           100%       2d8       1%          2

Your spell library contained the following spells:

 Spells                   Type           Power      Damage    Failure   Level
 Conjure Flame            Conj/Fire      31%        6-21      7%          3
 Dazzling Flash           Conj/Hex       62%        N/A       7%          3
 Mephitic Cloud           Conj/Pois/Air  23%        N/A       11%         3
 Ignite Poison            Fire/Tmut/Pois 8%         N/A       22%         3
 Fulminant Prism          Conj/Hex       15%        3d11      24%         4
 Iskenderun's Mystic Bla  Conj/Tloc      31%        2d8       24%         4
 Sticky Flame             Conj/Fire      31%        2d5       24%         4
 Freezing Cloud           Conj/Ice/Air   11%        6-21      67%         5


Dungeon Overview and Level Annotations

Branches:
Dungeon (5/15)
 Temple: D:4-7

Altars:
Nemelex Xobeh
Okawaru

Shops:
D:1 =

Annotations:
D:3 3 runed translucent doors, UngaStrats's ghost, weakling DgGl; paps's ghost, amateur OpFi
D:5 1 runed translucent door, Crazy Yiuf


Innate Abilities, Weirdness & Mutations

Your demonic aura sometimes causes spilled blood to erupt in flames.
You are partially covered in sharp spines.
Your touch may inflict minor irresistible damage on your foes.


Message History

You finish channelling your searing ray.
Your Long Blades skill increases to level 1!
Unknown command.
Unknown command.
A gnoll comes into view. It is wielding a +0 whip.
Unknown command.
You closely miss the gnoll.
The gnoll shouts!
The gnoll is struck by your spines. The gnoll hits you with a +0 club.
The gnoll is struck by your spines. The gnoll hits you with a +0 club.
The gnoll hits you from afar with a +3 halberd!!
Unknown command.
The gnoll hits you with a +0 club. x2
* * * LOW HITPOINT WARNING * * *
Unknown command.
It was a potion of curing.
You feel better. The gnoll is struck by your spines.
You kill the gnoll!
The gnoll barely misses you.
Unknown command.
Unknown command.
It was a potion of brilliance.
You feel clever all of a sudden. The gnoll closely misses you.
The gnoll hits you but does no damage.
Unknown command.
You feel better.
The gnoll hits you from afar with a +3 halberd!
* * * LOW HITPOINT WARNING * * *
The gnoll hits you with a +0 whip.
* * * LOW HITPOINT WARNING * * *
Unknown command.
It was a potion of flight.
You feel very buoyant.
You fly up into the air.
The gnoll hits you from afar with a +3 halberd.
* * * LOW HITPOINT WARNING * * *
The gnoll is struck by your spines. The gnoll hits you with a +0 whip.
* * * LOW HITPOINT WARNING * * *
You feel better.
The gnoll hits you from afar with a +3 halberd!
You die...

#.#....○○.☼☼ #.##+#####
#.#..##.# #)#.....# #.
#.#.###.# #...###.#.#.#.#
#.......g...#.#..
#..####g#.#.#.#.# . #..#
#@#.#.#.#.# . #..# ###.#
#.#.# .#### #..# #..
#.#.###.#..#
#..##########.#....)#<..
#.............#.....#.#.
#..##...................
#..##.#########.##..#.#.
##.#....................
#######.#..############..#.##


You could see 2 gnolls.

Vanquished Creatures
  An ice beast (D:5)
  A gnoll shaman (D:5)
  3 iguanas
  2 gnolls (D:5)
  3 adders
  An ufetubus (D:4)
  2 worms
  2 dart slugs (D:1)
  5 orcs
  10 ball pythons
  7 endoplasms
  5 goblins
  3 hobgoblins
  4 jackals (D:1)
  6 quokkas
  9 bats
  4 frilled lizards
  7 kobolds
  7 rats
82 creatures vanquished.

Vanquished Creatures (others)
  A fungus (D:3)
  A plant (D:3)
2 creatures vanquished.

Grand Total: 84 creatures vanquished

Notes
Turn   | Place    | Note
-------+----------+-------------------------------------------
     0 | D:1      | Morbidden the Demonspawn Conjurer began the quest for the
                  | Orb.
     0 | D:1      | Reached XP level 1. HP: 13/13 MP: 3/3
   319 | D:1      | Gained mutation: You are partially covered in sharp spines.
                  | [demonic ancestry]
   319 | D:1      | Reached XP level 2. HP: 17/19 MP: 0/5
   438 | D:1      | Found Xeiluf's Jewellery Boutique.
   757 | D:1      | Learned a level 2 spell: Searing Ray
   835 | D:1      | Reached XP level 3. HP: 25/25 MP: 4/6
  1294 | D:2      | Found a sparkling altar of Nemelex Xobeh.
  2373 | D:3      | Found a faded altar of an unknown god.
  2460 | D:3      | Reached skill level 5 in Conjurations
  2558 | D:3      | Gained mutation: Your touch may inflict minor irresistible
                  | damage on your foes. [demonic ancestry]
  2558 | D:3      | Reached XP level 4. HP: 31/31 MP: 3/7
  2680 | D:3      | Found an iron altar of Okawaru.
  2827 | D:3      | Found a runed translucent gate.
  2827 | D:3      | Found a runed translucent gate.
  2827 | D:3      | Found a runed translucent gate.
  2828 | D:3      | Noticed paps's ghost (amateur OpFi)
  2829 | D:3      | Noticed UngaStrats's ghost (weakling DgGl)
  3612 | D:4      | Reached skill level 1 in Fighting
  4072 | D:4      | Reached XP level 5. HP: 37/37 MP: 5/9
  4419 | D:5      | Entered Level 5 of the Dungeon
  4430 | D:5      | Noticed an ice beast
  4439 | D:5      | Killed an ice beast
  4598 | D:5      | Gained mutation: Your demonic aura sometimes causes spilled
                  | blood to erupt in flames. [demonic ancestry]
  4598 | D:5      | Reached XP level 6. HP: 44/44 MP: 3/11
  4672 | D:5      | Found a runed translucent door.
  4673 | D:5      | Identified the +6 mace "Plog" {venom, Int+7}
  4673 | D:5      | Noticed Crazy Yiuf
  5019 | D:5      | Reached skill level 1 in Long Blades
  5027 | D:5      | HP: 1/44 [gnoll (4)]
  5028 | D:5      | Mangled by a gnoll

Illustrated notes

Levels and vault maps discovered:
D:1:      psy_arrival_statuary, layout_loops_ring, serial_shops, shop,
          corexii_corridor_pit
D:2:      layout_basic, basic_altar
D:3:      layout_basic, kennysheep_okawaru_gauntlet,
          dreamdust_ecumenical_altar_hidden_monk_grotto,
          gammafunk_ghost_cemetery
D:4:      layout_loops_cross
D:5:      lemuel_ice_spiral_2, layout_basic, uniq_crazy_yiuf_cottage,
          uniq_duvessa

Skill      XL: |  1  2  3  4  5  6 |
---------------+-------------------+-----
Dodging        | 2 |  2.1
Stealth        | 2 |  2.3
Conjurations   | 5 |  5.5
Fighting       | 1 |  1.8
Spellcasting   | 3 |  3.9
Long Blades    | 1 |  1.0
Throwing       | |  0.4

Action                   |  1- 3 |  4- 6 || total
-------------------------+-------+-------++-------
Melee: Unarmed           |     6 |       ||     6
       Long sword        |     5 |     8 ||    13
       Touch             |       |     2 ||     2
       Mace              |       |     4 ||     4
Throw: Dart              |     3 |       ||     3
       Boomerang         |       |     1 ||     1
 Cast: Magic Dart        |    91 |    58 ||   149
       Searing Ray       |       |     3 ||     3
Evoke: Wand              |       |     1 ||     1
  Use: Potion            |       |     5 ||     5
 Stab: Distracted        |       |     1 ||     1
Armor: Robe              |     8 |     2 ||    10
Dodge: Dodged            |    16 |     8 ||    24
